 Dungeon Crawl Stone Soup version 0.21.1-1-g345015fe64 (webtiles) character file.

172 Ludini the Conjurer (level 5, -4/42 HPs)
             Began as a Naga Wizard on Feb 27, 2018.
             Slain by topfpfpflanze's ghost (13 damage)
             ... on level 3 of the Dungeon.
             The game lasted 00:06:23 (3450 turns).

Ludini the Conjurer (Naga Wizard)                   Turns: 3450, Time: 00:06:24

Health: -4/42      AC:  2    Str:  9    XL:     5   Next: 53%
Magic:  9/9        EV: 10    Int: 20    God:
Gold:   167        SH:  0    Dex:  9    Spells: 3/10 levels left

rFire    . . .     SeeInvis +   s - +0 dagger
rCold    . . .     Gourm    .   (no shield)
rNeg     . . .     Faith    .   a - +0 robe
rPois    +         Spirit   .   b - +0 hat
rElec    .         Reflect  .   (no cloak)
rCorr    .         Harm     .   (no gloves)
MR       .....                  (no barding)
Stlth    ++........             (no amulet)
HPRegen  0.14/turn              (no ring)
MPRegen  0.11/turn              (no ring)

@: very slow
A: large, see invisible, deformed body, poison resistance, slowness 2, slow
metabolism 1, spit poison 1, AC +1
a: Spit Poison


You were on level 3 of the Dungeon.
You were hungry.

You visited 1 branch of the dungeon, and saw 3 of its levels.

You collected 167 gold pieces.

Inventory:

Hand Weapons
 s - a +0 dagger (weapon)
Armour
 a - a +0 robe (worn)
 b - a +0 hat (worn)
 q - a +0 buckler
Scrolls
 e - a scroll of magic mapping {unknown}
 f - 2 scrolls of remove curse {unknown}
 g - a scroll of blinking {unknown}
 j - a scroll of teleportation {unknown}
 m - a scroll of noise {unknown}
 o - 2 scrolls of identify {unknown}
 r - a scroll of immolation {unknown}
 t - a scroll of enchant armour {unknown}
Potions
 h - a potion of haste {unknown}
 i - 3 potions of lignification {unknown}
 k - a potion of heal wounds {unknown}
 l - a potion of invisibility {unknown}
 p - a potion of mutation {unknown}
Books
 c - a book of Minor Magic

   Spells                             Type                      Level
   a - Magic Dart                     Conjuration                  1
   b - Blink                          Translocation                2
   c - Call Imp                       Summoning                    2
   d - Slow                           Hexes                        2
   e - Conjure Flame                  Conjuration/Fire             3
   f - Mephitic Cloud                 Conjuration/Poison/Air       3
Comestibles
 d - 7 rations


   Skills:
 - Level 1.5 Dodging
 - Level 3.0 Stealth
 + Level 1.3 Shields
 - Level 3.0 Spellcasting
 + Level 3.9 Conjurations
   Level 1.0 Summonings
   Level 1.0 Translocations
 + Level 2.4 Air Magic


You had 3 spell levels left.
You knew the following spells:

 Your Spells              Type           Power        Failure   Level  Hunger
a - Magic Dart            Conj           ###.         2%          1    None
b - Mephitic Cloud        Conj/Pois/Air  ##......     19%         3    ###....
c - Conjure Flame         Conj/Fire      ##......     19%         3    ###....


Dungeon Overview and Level Annotations

Branches:
Dungeon (3/15)

Altars:
Makhleb

Annotations:
D:3 topfpfpflanze's ghost, amateur CeFi


Innate Abilities, Weirdness & Mutations

You cannot wear boots.
Your serpentine skin is tough. (AC +1)
You have supernaturally acute eyesight. (SInv)
Armour fits poorly on your strangely shaped body.
Your system is resistant to poisons. (rPois)
You cover ground very slowly.
You have a slow metabolism.
You can spit poison.


Message History

You start waiting.
Done waiting.
You start waiting.
Done waiting.
There is a stone staircase leading down here.
You climb downwards.
Level annotation: topfpfpflanze's ghost, amateur CeFi Topfpfpflanze's ghost hits you! x2
There is a stone staircase leading up, spattered with blood here.
Topfpfpflanze's ghost hits you!
Topfpfpflanze's ghost barely misses you.
Topfpfpflanze's ghost closely misses you.
Topfpfpflanze's ghost hits you.
You see here a club.
Topfpfpflanze's ghost closely misses you.
Topfpfpflanze's ghost hits you!
* * * LOW HITPOINT WARNING * * *
There is a stone staircase leading up here.
Topfpfpflanze's ghost hits you!
You die...

#......†.....<.#
..###.....#####.)##.
###.........####......
..#..............###.
....................
#.......(.)....###.
##..............#
#..##.....#.........#
#.....@W.#............
#......#...#.####.####
.....##....)#.## ..#
.........#.....#
#..###
....##..##..#..# #.#..
.. ........#..### ....
.
###...#......<####...
##.................
##.....#####......


You could see topfpfpflanze's ghost.

Vanquished Creatures
  A hound (D:2)
  An orc priest (D:3)
  An orc wizard (D:3)
  2 adders (D:2)
  2 worms (D:2)
  3 dart slugs
  2 leopard geckos (D:2)
  2 orcs
  2 giant cockroaches
  5 goblins
  6 hobgoblins
  2 jackals (D:1)
  9 kobolds
  A quokka (D:2)
  A ball python (D:2)
  8 bats
  4 frilled lizards
  2 rats (D:2)
54 creatures vanquished.

Notes
Turn   | Place    | Note
-------+----------+-------------------------------------------
     0 | D:1      | Ludini the Naga Wizard began the quest for the Orb.
     0 | D:1      | Reached XP level 1. HP: 15/15 MP: 4/4
   360 | D:1      | Reached XP level 2. HP: 22/22 MP: 3/6
   812 | D:1      | Reached XP level 3. HP: 28/28 MP: 5/7
   817 | D:1      | Learned a level 3 spell: Mephitic Cloud
   821 | D:1      | Learned a level 3 spell: Conjure Flame
  1517 | D:2      | Reached skill level 1 in Air Magic
  1641 | D:2      | Reached XP level 4. HP: 26/36 MP: 2/8
  1824 | D:2      | Found a burning altar of Makhleb.
  2479 | D:3      | Reached skill level 1 in Shields
  2479 | D:3      | Reached XP level 5. HP: 41/42 MP: 4/9
  2667 | D:3      | Noticed topfpfpflanze's ghost (amateur CeFi)
  3450 | D:3      | Slain by topfpfpflanze's ghost

Skill      XL: |  1  2  3  4 |
---------------+-------------+-----
Conjurations   | 2 3 |  3.9
Air Magic      | 1 2 |  2.4
Shields        | 1 |  1.3
Dodging        | |  1.5
Stealth        | |  3.0
Spellcasting   | |  3.0
Summonings     | |  1.0
Translocations | |  1.0

Action                   |  1- 3 |  4- 6 || total
-------------------------+-------+-------++-------
Melee: Unarmed           |     2 |     1 ||     3
       Dagger            |       |     1 ||     1
 Cast: Magic Dart        |    60 |    50 ||   110
 Abil: Spit Poison       |    19 |    10 ||    29
  Eat: Chunk             |     2 |     4 ||     6
Armor: Robe              |     2 |       ||     2
Dodge: Dodged            |     8 |    12 ||    20
